[Event "SAIF POWERTEC 45th BAN Ch 2019"]
[Site "Dhaka"]
[Date "2019.11.05"]
[Round "1.6"]
[White "Chowdhury, Sohel"]
[Black "Mohammad Minhaz Uddin"]
[Result "1/2-1/2"]
[ECO "C42"]
[WhiteElo "2096"]
[BlackElo "2322"]
[Annotator "RC"]
[PlyCount "38"]
[EventDate "2019.11.05"]
[EventCountry "BAN"]
[SourceTitle "playchess.com"]
[Source "ChessBase"]
[SourceQuality "1"]
[TimeControl "40/5400+30:1800+30"]

1. e4 e5 2. Nf3 Nf6 3. Nxe5 d6 4. Nf3 Nxe4 5. d4 d5 6. Bd3 Nc6 7. O-O Bg4 8. c4 Be7 9. Nc3 Nf6 10. cxd5 Nxd5 11. Re1 Nf6 12. Bb5 O-O 13. Bxc6 bxc6 14. h3 Be6 15. Ne5 Qe8 16. Qa4 c5 17. Nc6 cxd4 18. Nxe7+ Qxe7 19. Qxd4 Rfd8 1/2-1/2

[Event "SAIF POWERTEC 45th BAN Ch 2019"]
[Site "Dhaka"]
[Date "2019.11.05"]
[Round "1.10"]
[White "Md Emdadul, Haque"]
[Black "Islam, Khandaker Aminul"]
[Result "0-1"]
[ECO "A47"]
[WhiteElo "2070"]
[BlackElo "2229"]
[Annotator "ChessBase"]
[PlyCount "186"]
[EventDate "2019.11.05"]
[EventCountry "BAN"]
[SourceTitle "playchess.com"]
[Source "ChessBase"]
[SourceQuality "1"]
[TimeControl "40/5400+30:1800+30"]

1. d4 Nf6 2. Bf4 e6 3. e3 b6 4. Nf3 Bb7 5. Nbd2 Be7 6. c3 Nh5 7. Bg3 d6 8. Bb5+ Nd7 9. Qa4 a6 10. Be2 g6 11. Qb3 O-O 12. O-O Bf6 13. Rad1 Qe7 14. Rfe1 e5 15. dxe5 dxe5 16. Qc2 e4 17. Nd4 Nxg3 18. hxg3 Rfe8 19. Nf1 Be5 20. f4 Bd6 21. b4 Nf6 22. a3 h5 23. Nb3 Bc8 24. c4 c5 25. Qd2 Bc7 26. Qc3 Bd6 27. Qd2 Rd8 28. bxc5 bxc5 29. Qa5 Be6 30. Qc3 Ne8 31. Rd2 Rdb8 32. Red1 Rb6 33. Rb2 Qc7 34. Nbd2 Rxb2 35. Qxb2 Rb8 36. Qc2 f5 37. Rb1 Kf7 38. Kf2 Be7 39. Qa4 Rxb1 40. Nxb1 Qb6 41. Nc3 Nf6 42. Qc2 Bf8 43. Nd2 Bg7 44. Nd1 Qa5 45. Nb1 Nd7 46. Qb3 Nb6 47. Ndc3 Ke7 48. Kf1 Bf6 49. Kf2 Kd6 50. Kf1 Kc6 51. Kf2 Kc7 52. Kf1 Bd8 53. Kf2 Be7 54. Kf1 h4 55. Kf2 hxg3+ 56. Kxg3 g5 57. fxg5 Bxg5 58. Kf2 Bf6 59. g3 Be5 60. Bf1 Kc6 61. Be2 Kd7 62. g4 fxg4 63. Nxe4 Kc7 64. Nbc3 Bf5 65. Bf1 Be6 66. Be2 Kc8 67. Nd5 Bxd5 68. Bxg4+ Kc7 69. cxd5 c4 70. d6+ Bxd6 71. Qb2 Qxa3 72. Qg7+ Kc6 73. Bf3 Kb5 74. Qb7 Qb2+ 75. Be2 Bb4 76. Kf3 Ka5 77. Qc7 Qc1 78. Qe5+ Ka4 79. Nf2 Ka3 80. Qc7 Nd5 81. Qxc4 Qxe3+ 82. Kg2 Nf4+ 83. Kf1 a5 84. Qc2 Bc3 85. Nd1 Qh3+ 86. Kf2 Bd4+ 87. Ke1 Ng2+ 88. Kd2 Qh6+ 89. Ne3 Bxe3+ 90. Kc3 Qf6+ 91. Kc4 Qd4+ 92. Kb5 Qb6+ 93. Kc4 Qc5+ {[%emt 0:02:53] Kd4} 0-1

[Event "SAIF POWERTEC 45th BAN Ch 2019"]
[Site "Dhaka"]
[Date "2019.11.05"]
[Round "1.12"]
[White "Hossain, Monir"]
[Black "Rahman, Taibur"]
[Result "0-1"]
[ECO "A07"]
[WhiteElo "2050"]
[BlackElo "2196"]
[Annotator "ChessBase"]
[PlyCount "82"]
[EventDate "2019.11.05"]
[EventCountry "BAN"]
[SourceTitle "playchess.com"]
[Source "ChessBase"]
[SourceQuality "1"]
[TimeControl "40/5400+30:1800+30"]

1. Nf3 c5 2. g3 d5 3. Bg2 Nf6 4. O-O Nc6 5. d3 g6 6. Na3 Bg7 7. c4 O-O 8. cxd5 Nxd5 9. Nc4 b6 10. Ne3 Nc7 11. Rb1 Bb7 12. Bd2 Rb8 13. Bc3 e5 14. Nc4 Qe7 15. Qc2 Rfe8 16. a4 Nd5 17. Nfd2 Rbd8 18. Rbe1 f5 19. Qb3 Qf7 20. Bxd5 Qxd5 21. Ne3 Qxb3 22. Nxb3 Nd4 23. Bxd4 exd4 24. Nc4 Re6 25. Nc1 Bd5 26. b3 a6 27. e4 fxe4 28. dxe4 Bxe4 29. f3 Bd5 30. Rxe6 Bxe6 31. Nd3 b5 32. Na5 Rc8 33. Rc1 c4 34. Nf4 Bf7 35. Nd3 Be6 36. Nb4 d3 37. axb5 axb5 38. bxc4 bxc4 39. Nac6 d2 40. Rd1 Rxc6 41. Nxc6 c3 0-1

[Event "SAIF POWERTEC 45th BAN Ch 2019"]
[Site "Dhaka"]
[Date "2019.11.05"]
[Round "2.10"]
[White "Zia, Tahsin Tajwar"]
[Black "Ahmed, Sheikh Nasir"]
[Result "0-1"]
[ECO "A47"]
[WhiteElo "2080"]
[BlackElo "2185"]
[Annotator "ChessBase"]
[PlyCount "130"]
[EventDate "2019.11.05"]
[EventCountry "BAN"]
[SourceTitle "playchess.com"]
[Source "ChessBase"]
[SourceQuality "1"]
[TimeControl "40/5400+30:1800+30"]

1. d4 e6 2. Nf3 c5 3. c3 Nf6 4. Bf4 b6 5. e3 Be7 6. Nbd2 Bb7 7. h3 O-O 8. Bd3 d6 9. O-O Nbd7 10. Qe2 Re8 11. e4 a6 12. a4 Nf8 13. Rfd1 Ng6 14. Be3 Qc7 15. Ne1 e5 16. d5 Kh8 17. b4 Nd7 18. Nc4 Nf4 19. Bxf4 exf4 20. Rac1 Ne5 21. Nxe5 dxe5 22. b5 a5 23. Nf3 Rad8 24. Kh2 Rd7 25. Rg1 Bd8 26. c4 Rd6 27. g4 fxg3+ 28. fxg3 Bc8 29. Rcf1 Rf6 30. g4 Rg6 31. Rg3 Qd6 32. Qe3 h6 33. Kg2 Kh7 34. Kf2 Rh8 35. Rfg1 Kg8 36. h4 Rf6 37. Ke2 Rf4 38. R1g2 Kf8 39. Kd2 Ke8 40. Qg1 Kd7 41. Qa1 Re8 42. g5 hxg5 43. hxg5 Kc7 44. Ng1 Kb8 45. Rf3 Qg6 46. Rxf4 Bxg5 47. Kc2 exf4 48. Nf3 f6 49. Qg1 Rxe4 50. Kc3 Qe8 51. Bxe4 Qxe4 52. Nxg5 fxg5 53. Rxg5 Qf3+ 54. Kd2 Qb3 55. Qc1 Qe3+ 56. Kc2 Bf5+ 57. Kb2 Qd4+ 58. Qc3 g6 59. Kb3 Kc7 60. Rg2 Kd6 61. Qf3 Bd3 62. Rg4 Qxc4+ 63. Ka3 Qc3+ 64. Ka2 Bc4+ 65. Kb1 Qxf3 0-1

[Event "SAIF POWERTEC 45th BAN Ch 2019"]
[Site "Dhaka"]
[Date "2019.11.05"]
[Round "2.11"]
[White "Anata, Choudhury"]
[Black "Md Emdadul, Haque"]
[Result "0-1"]
[ECO "C77"]
[WhiteElo "2159"]
[BlackElo "2070"]
[Annotator "ChessBase"]
[PlyCount "70"]
[EventDate "2019.11.05"]
[EventCountry "BAN"]
[SourceTitle "playchess.com"]
[Source "ChessBase"]
[SourceQuality "1"]
[TimeControl "40/5400+30:1800+30"]

1. e4 e5 2. Nf3 Nc6 3. Bb5 a6 4. Ba4 Nf6 5. Nc3 b5 6. Bb3 Bc5 7. a4 b4 8. Nd5 O-O 9. d3 h6 10. O-O d6 11. c3 Bg4 12. Nxf6+ Qxf6 13. Bd5 Bd7 14. d4 exd4 15. cxd4 Nxd4 16. Bxa8 Rxa8 17. Be3 Nxf3+ 18. Qxf3 Qxb2 19. e5 Re8 20. Bxc5 dxc5 21. Qd3 Bc8 22. e6 Bxe6 23. Qxa6 Qe5 24. Qb5 c6 25. Qxc6 Rc8 26. Qb7 b3 27. a5 b2 28. Rae1 Qb8 29. Qe4 c4 30. Qc2 c3 31. Re3 Ba2 32. Ree1 Bb3 33. Qb1 Bc4 34. Qc2 Qb3 35. Re2 Qxc2 0-1

[Event "SAIF POWERTEC 45th BAN Ch 2019"]
[Site "Dhaka"]
[Date "2019.11.03"]
[Round "2.13"]
[White "S M Sharon"]
[Black "Hossain, Monir"]
[Result "1-0"]
[ECO "A06"]
[WhiteElo "2092"]
[BlackElo "2050"]
[Annotator "NA RC"]
[PlyCount "125"]
[EventDate "2019.11.02"]
[EventType "swiss"]
[EventRounds "10"]
[EventCountry "BAN"]
[SourceTitle "playchess.com"]
[Source "ChessBase"]
[SourceQuality "1"]
[TimeControl "40/5400+30:1800+30"]

1. b3 d5 2. Bb2 c5 3. Nf3 Nc6 4. e3 Bg4 5. h3 Bh5 6. Bb5 f6 7. d4 Qa5+ 8. Nc3 e6 9. g4 Bf7 10. a3 a6 11. Bxc6+ bxc6 12. dxc5 Qxc5 13. Qe2 Ne7 14. Na4 Qa5+ 15. Qd2 Qxd2+ 16. Nxd2 e5 17. b4 Ng6 18. Nb3 Bd6 19. Na5 Ne7 20. Ke2 Rb8 21. Nb3 Be6 22. Bc3 Kf7 23. Bd2 h5 24. f3 Rh7 25. Nac5 Bc8 26. Kd3 Ra8 27. Rag1 e4+ 28. fxe4 hxg4 29. hxg4 Rxh1 30. Rxh1 Bxg4 31. exd5 cxd5 32. c4 dxc4+ 33. Kxc4 Be2+ 34. Kc3 Be5+ 35. Kc2 Nc6 36. Bc3 Re8 37. Bxe5 Rxe5 38. Nd4 Nxd4+ 39. exd4 Rd5 40. Re1 Bb5 41. a4 Bd7 42. Kc3 Bc8 43. Kc4 Rd8 44. b5 axb5+ 45. axb5 g5 46. b6 g4 47. b7 Bxb7 48. Nxb7 Rb8 49. Nc5 f5 50. d5 g3 51. Nd7 Rg8 52. Ne5+ Kf6 53. Nf3 f4 54. d6 Kf5 55. Kd5 Kg4 56. Ne5+ Kh3 57. Ke4 g2 58. d7 Kg3 59. Rd1 Rd8 60. Nf3 Kg4 61. Rd3 Kg3 62. Ne1+ f3 63. Nxf3 1-0

[Event "SAIF POWERTEC 45th BAN Ch 2019"]
[Site "Dhaka"]
[Date "2019.11.03"]
[Round "2.14"]
[White "Md, Sariatullah"]
[Black "Hamid, Rani"]
[Result "1-0"]
[ECO "A01"]
[WhiteElo "2063"]
[BlackElo "1916"]
[Annotator "NA RC"]
[PlyCount "87"]
[EventDate "2019.11.02"]
[EventType "swiss"]
[EventRounds "10"]
[EventCountry "BAN"]
[SourceTitle "playchess.com"]
[Source "ChessBase"]
[SourceQuality "1"]
[TimeControl "40/5400+30:1800+30"]

1. b3 c5 2. Bb2 Nc6 3. e3 b6 4. c4 e6 5. Nf3 Nf6 6. a3 Be7 7. Bd3 d6 8. Bc2 e5 9. h3 h6 10. d4 Qc7 11. Nc3 exd4 12. exd4 cxd4 13. Nxd4 Nxd4 14. Qxd4 Bb7 15. O-O-O Bc6 16. Rhe1 O-O-O 17. Nd5 Nxd5 18. cxd5 Bf6 19. Qb4 Bxb2+ 20. Kxb2 Bb7 21. Bf5+ Kb8 22. Rc1 Qxc1+ 23. Rxc1 Bxd5 24. Qc3 g6 25. Qc7+ Ka8 26. Bd7 Bxg2 27. Bc6+ Bxc6 28. Qxc6+ Kb8 29. Qc7+ Ka8 30. Qxf7 Rhf8 31. Qd5+ Kb8 32. Rc2 Rf6 33. a4 Rf5 34. Qc6 Rf7 35. a5 bxa5 36. Qb5+ Rb7 37. Qxa5 Rb6 38. Rc6 Kb7 39. Rxb6+ axb6 40. Qd5+ Kc7 41. Qf7+ Rd7 42. Qxg6 d5 43. Qxh6 d4 44. Kc2 1-0

[Event "SAIF POWERTEC 45th BAN Ch 2019"]
[Site "Dhaka"]
[Date "2019.11.03"]
[Round "2.15"]
[White "Nayem, Haque"]
[Black "Hossain, Delwar"]
[Result "1-0"]
[ECO "B21"]
[WhiteElo "1911"]
[BlackElo "2080"]
[Annotator "NA RC"]
[PlyCount "103"]
[EventDate "2019.11.02"]
[EventType "swiss"]
[EventRounds "10"]
[EventCountry "BAN"]
[SourceTitle "playchess.com"]
[Source "ChessBase"]
[SourceQuality "1"]
[TimeControl "40/5400+30:1800+30"]

1. e4 c5 2. d4 cxd4 3. c3 dxc3 4. Nxc3 Nc6 5. Bc4 Nf6 6. Nf3 e6 7. O-O a6 8. Qe2 d6 9. Rd1 Qc7 10. Bf4 Ne5 11. Bxe5 dxe5 12. Rac1 Qb8 13. Bb5+ axb5 14. Nxb5 Bc5 15. Rxc5 O-O 16. Nxe5 b6 17. Nc6 Qf4 18. Ne7+ Kh8 19. Rxc8 Raxc8 20. Nxc8 Rxc8 21. Nd6 Rf8 22. f3 h6 23. Qd2 Qxd2 24. Rxd2 Kg8 25. Nc4 Rb8 26. Ne5 Kf8 27. Nd7+ Nxd7 28. Rxd7 Rc8 29. Rd2 Ke7 30. Kf2 e5 31. Ke3 f6 32. a3 g6 33. g4 Ke6 34. Rd3 Rb8 35. h4 b5 36. Kd2 b4 37. axb4 Rxb4 38. Kc3 Rb6 39. b4 Rb8 40. Rd5 f5 41. Ra5 fxe4 42. fxe4 Rd8 43. Ra6+ Kf7 44. b5 Rd1 45. b6 Rb1 46. Kc4 Ke6 47. b7+ Kf7 48. Ra7 Ke6 49. Kc5 Rc1+ 50. Kb6 Rb1+ 51. Kc7 Rc1+ 52. Kb8 1-0

[Event "SAIF POWERTEC 45th BAN Ch 2019"]
[Site "Dhaka"]
[Date "2019.11.04"]
[Round "3.14"]
[White "Hossain, Delwar"]
[Black "Hossain, Monir"]
[Result "1-0"]
[ECO "C02"]
[WhiteElo "2080"]
[BlackElo "2050"]
[Annotator "NA RC"]
[PlyCount "117"]
[EventDate "2019.11.02"]
[EventType "swiss"]
[EventRounds "10"]
[EventCountry "BAN"]
[SourceTitle "playchess.com"]
[Source "ChessBase"]
[SourceQuality "1"]
[TimeControl "40/5400+30:1800+30"]

1. e4 c5 2. Nf3 e6 3. c3 d5 4. e5 Nc6 5. d4 Qb6 6. Bd3 Bd7 7. dxc5 Bxc5 8. O-O Nh6 9. h3 O-O-O 10. b4 Be7 11. a4 Qc7 12. Bf4 f6 13. Re1 fxe5 14. Nxe5 Bd6 15. Nxc6 Qxc6 16. Be3 Kb8 17. b5 Qc8 18. Qb3 Nf7 19. Nd2 Ne5 20. Bf1 Nf7 21. a5 Bc5 22. Bd4 e5 23. Bxe5+ Nxe5 24. Rxe5 Rhf8 25. Nf3 Qc7 26. Qxd5 Bd6 27. Rg5 Bc6 28. b6 Qe7 29. bxa7+ Ka8 30. Qb3 Bxf3 31. Rb5 Bc6 32. a6 Rd7 33. axb7+ Rxb7 34. Rxb7 Qxb7 35. Qc4 Bd5 36. Qd4 Rd8 37. Ra6 Bc7 38. Qh4 Bc6 39. Ra1 Bb6 40. Re1 Bd5 41. Re7 Qc6 42. c4 Bg8 43. Be2 Rf8 44. Bf3 Rxf3 45. gxf3 Bxa7 46. Rxg7 Bxc4 47. Qf4 Bb8 48. Qd4 Bc7 49. Qe4 Bd5 50. Qg4 Be6 51. Rxc7 Qxc7 52. Qxe6 Kb7 53. Kg2 Qg7+ 54. Qg4 Qh8 55. h4 Kc7 56. h5 h6 57. Qg6 Kd7 58. f4 Ke7 59. Qe4+ 1-0

[Event "SAIF POWERTEC 45th BAN Ch 2019"]
[Site "Dhaka"]
[Date "2019.11.04"]
[Round "3.15"]
[White "Hamid, Rani"]
[Black "Zia, Tahsin Tajwar"]
[Result "0-1"]
[ECO "B59"]
[WhiteElo "1916"]
[BlackElo "2058"]
[Annotator "NA RC"]
[PlyCount "48"]
[EventDate "2019.11.02"]
[EventType "swiss"]
[EventRounds "10"]
[EventCountry "BAN"]
[SourceTitle "playchess.com"]
[Source "ChessBase"]
[SourceQuality "1"]
[TimeControl "40/5400+30:1800+30"]

1. e4 c5 2. Nf3 d6 3. d4 cxd4 4. Nxd4 Nf6 5. Nc3 Nc6 6. Be2 e5 7. Nb3 Be7 8. Bg5 O-O 9. O-O a5 10. a4 Be6 11. Bxf6 Bxf6 12. Nd5 Bg5 13. Kh1 Ne7 14. Qd3 f5 15. Nxe7+ Qxe7 16. Rad1 Rad8 17. exf5 Bxf5 18. Qd5+ Kh8 19. Bd3 Be6 20. Qe4 g6 21. Nxa5 Bf4 22. Qb4 Bg4 23. Rc1 Qh4 24. h3 Bf3 0-1

[Event "SAIF POWERTEC 45th BAN Ch 2019"]
[Site "Dhaka"]
[Date "2019.11.05"]
[Round "4.4"]
[White "Mehdi Hasan Parag"]
[Black "Mohammed Abdul, Malek"]
[Result "1/2-1/2"]
[ECO "C99"]
[WhiteElo "2181"]
[BlackElo "2168"]
[Annotator "ChessBase"]
[PlyCount "134"]
[EventDate "2019.11.05"]
[EventCountry "BAN"]
[SourceTitle "playchess.com"]
[Source "ChessBase"]
[SourceQuality "1"]
[TimeControl "40/5400+30:1800+30"]

1. e4 e5 2. Nf3 Nc6 3. Bb5 a6 4. Ba4 Nf6 5. O-O Be7 6. Re1 b5 7. Bb3 d6 8. c3 O-O 9. h3 Na5 10. Bc2 c5 11. d4 Qc7 12. Nbd2 cxd4 13. cxd4 Nc6 14. Nb3 a5 15. Be3 a4 16. Nbd2 Nb4 17. Bb1 Bd7 18. a3 Nc6 19. Bd3 Na5 20. Qe2 Qb8 21. Rac1 Re8 22. Rc2 Bd8 23. dxe5 dxe5 24. Bc5 Nh5 25. g3 Ra6 26. Nh2 Nf6 27. Kg2 Be7 28. Rec1 Bxc5 29. Rxc5 Rb6 30. Nhf3 Nb7 31. R5c2 Nd8 32. Qe3 Nh5 33. Rc7 Bc6 34. Rc8 Qxc8 35. Qxb6 Qd7 36. Qe3 f6 37. Bb1 Ne6 38. Ba2 Kh8 39. Bxe6 Rxe6 40. Nb1 Rd6 41. Nc3 g5 42. Qc5 Kg7 43. Re1 Kg6 44. Re2 Ng7 45. Rd2 Rxd2 46. Nxd2 Ne6 47. Qb6 h5 48. Nf1 h4 49. Qb8 Kh7 50. Qb6 hxg3 51. fxg3 Nd4 52. Ne3 Kg7 53. Qc5 Ne6 54. Nf5+ Kf7 55. Qd6 Nd4 56. Qxd7+ Bxd7 57. Ne3 Bc6 58. Kf2 Nb3 59. Nf5 Ke6 60. Ke3 Na5 61. Kd3 Nc4 62. Nd1 Nb6 63. Nc3 Nd7 64. Ng7+ Kf7 65. Nf5 Nc5+ 66. Ke3 Ke6 67. Ng7+ Kf7 1/2-1/2

[Event "SAIF POWERTEC 45th BAN Ch 2019"]
[Site "Dhaka"]
[Date "2019.11.05"]
[Round "4.5"]
[White "Rahman, Taibur"]
[Black "Ahmed, Sheikh Nasir"]
[Result "1-0"]
[ECO "E53"]
[WhiteElo "2196"]
[BlackElo "2185"]
[Annotator "ChessBase"]
[PlyCount "77"]
[EventDate "2019.11.05"]
[EventCountry "BAN"]
[SourceTitle "playchess.com"]
[Source "ChessBase"]
[SourceQuality "1"]
[TimeControl "40/5400+30:1800+30"]

1. d4 e6 2. c4 Nf6 3. Nc3 Bb4 4. e3 O-O 5. Bd3 c5 6. Nf3 d5 7. cxd5 exd5 8. O-O c4 9. Bc2 Bg4 10. Ne2 Nc6 11. Ne5 Bh5 12. f3 Qe7 13. Ng3 Bg6 14. f4 Bxc2 15. Qxc2 Rac8 16. Rf3 Qe6 17. Qa4 Be1 18. Ne2 Ne4 19. Rf1 Bh4 20. Nc3 Nxe5 21. fxe5 f6 22. Nxe4 dxe4 23. exf6 Rxf6 24. Bd2 Rg6 25. Qc2 Qg4 26. Bb4 Bg5 27. Rae1 h5 28. d5 b6 29. h3 Qh4 30. Kh1 Be7 31. d6 Bxd6 32. Bxd6 Rxd6 33. Re2 Rd3 34. Qa4 Qe7 35. Qb5 Rc5 36. Qb4 Qg5 37. Qa4 Rxe3 38. Qe8+ Kh7 39. Rf8 1-0

[Event "SAIF POWERTEC 45th BAN Ch 2019"]
[Site "Dhaka"]
[Date "2019.11.05"]
[Round "4.6"]
[White "Md., Sharif Hossain"]
[Black "Chatterjee, Debaraj"]
[Result "0-1"]
[ECO "B92"]
[WhiteElo "2148"]
[BlackElo "2250"]
[Annotator "RC"]
[PlyCount "84"]
[EventDate "2019.11.05"]
[EventCountry "BAN"]
[SourceTitle "playchess.com"]
[Source "ChessBase"]
[SourceQuality "1"]
[TimeControl "40/5400+30:1800+30"]

1. e4 c5 2. Nf3 d6 3. d4 cxd4 4. Nxd4 Nf6 5. Nc3 a6 6. Be2 e5 7. Nb3 Be7 8. Bg5 Be6 9. Bxf6 Bxf6 10. Qd3 Be7 11. O-O-O O-O 12. Nd5 Bxd5 13. Qxd5 Qc7 14. Bg4 Nc6 15. a3 b5 16. Kb1 Rfb8 17. Rd3 a5 18. Rc3 Rb6 19. Be2 b4 20. axb4 axb4 21. Rf3 Bf6 22. h4 Qa7 23. Kc1 Ne7 24. Qd1 d5 25. Bd3 Rd6 26. Qe2 dxe4 27. Qxe4 g6 28. Kd2 Rc8 29. Ra1 Qc7 30. Ke1 Nd5 31. g3 Bg7 32. g4 Nf6 33. Qxb4 e4 34. Rxf6 Bxf6 35. Ra6 Rxa6 36. Bxa6 Bxb2 37. c4 Rd8 38. c5 Qe5 39. Qc4 e3 40. f4 Qf6 41. g5 Qc6 42. Bb5 Qg2 0-1

[Event "SAIF POWERTEC 45th BAN Ch 2019"]
[Site "Dhaka"]
[Date "2019.11.05"]
[Round "4.10"]
[White "Anata, Choudhury"]
[Black "S M Sharon"]
[Result "1-0"]
[ECO "B15"]
[WhiteElo "2159"]
[BlackElo "2092"]
[Annotator "ChessBase"]
[PlyCount "130"]
[EventDate "2019.11.05"]
[EventCountry "BAN"]
[SourceTitle "playchess.com"]
[Source "ChessBase"]
[SourceQuality "1"]
[TimeControl "40/5400+30:1800+30"]

1. e4 c6 2. d4 d5 3. Nd2 dxe4 4. Nxe4 Nf6 5. Nxf6+ exf6 6. c3 Bd6 7. Bd3 O-O 8. Qc2 Re8+ 9. Ne2 Kh8 10. Be3 Nd7 11. O-O-O Nf8 12. Ng3 Qc7 13. Rde1 Bg4 14. Kb1 b5 15. Ne4 Bf4 16. h3 Bf5 17. g3 Bxe3 18. Rxe3 a5 19. h4 b4 20. Rhe1 bxc3 21. Qxc3 Red8 22. g4 Bxg4 23. d5 Qe5 24. dxc6 Qxc3 25. Nxc3 Ne6 26. Be4 Rac8 27. Nb5 f5 28. Bg2 f4 29. Rc3 f3 30. Bf1 Nc7 31. Nxc7 Rxc7 32. Kc1 h5 33. Bb5 g5 34. hxg5 Rd5 35. a4 Rxg5 36. Rd3 Kg7 37. Kd2 Rc5 38. Rg1 Kf6 39. Rd6+ Ke5 40. Rd8 Kf4 41. Ra8 Bf5 42. Rc1 Rxc1 43. Kxc1 Bc8 44. Rxa5 h4 45. Bf1 Rxc6+ 46. Kd2 Bf5 47. Rxf5+ Kxf5 48. Bh3+ Ke4 49. a5 Rc4 50. b3 Rc5 51. b4 Rc4 52. b5 Rb4 53. b6 f5 54. Kc3 Rb1 55. Kc4 Ke5 56. Kc5 Rc1+ 57. Kb5 Kd6 58. Ka6 Rc5 59. Bf1 f4 60. Bh3 Rg5 61. Bf1 Kc6 62. Bh3 Rg8 63. b7 Kc7 64. Ka7 Rg6 65. b8=Q+ Kc6 1-0

[Event "SAIF POWERTEC 45th BAN Ch 2019"]
[Site "Dhaka"]
[Date "2019.11.05"]
[Round "4.11"]
[White "Nayem, Haque"]
[Black "Md, Sariatullah"]
[Result "1/2-1/2"]
[ECO "B21"]
[WhiteElo "1911"]
[BlackElo "2063"]
[Annotator "NA"]
[PlyCount "81"]
[EventDate "2019.11.05"]
[EventCountry "BAN"]
[SourceTitle "playchess.com"]
[Source "ChessBase"]
[SourceQuality "1"]
[TimeControl "40/5400+30:1800+30"]

1. e4 c5 2. d4 cxd4 3. c3 d3 4. Bxd3 e6 5. c4 a6 6. Nc3 Qc7 7. Nf3 d6 8. O-O Nf6 9. Qe2 Nbd7 10. Bf4 e5 11. Bg5 Be7 12. Rac1 Qd8 13. Rfd1 h6 14. Bxf6 Nxf6 15. c5 O-O 16. Bb1 Bg4 17. h3 Bxf3 18. Qxf3 Qb8 19. cxd6 Bxd6 20. Nd5 Nxd5 21. Rxd5 b6 22. Rc6 Bc5 23. Qg3 Bd4 24. Qb3 Qb7 25. Rdd6 Rac8 26. Qd5 Rxc6 27. Qxc6 Qe7 28. a4 Qg5 29. Qc2 Qe7 30. Qc6 Bc5 31. Rd1 Qh4 32. Rf1 Rd8 33. Ba2 a5 34. Bd5 Qf4 35. Qc7 Rd6 36. Qc8+ Kh7 37. Qg4 f5 38. Qxf4 exf4 39. Rd1 fxe4 40. Bxe4+ g6 41. Rxd6 1/2-1/2

[Event "SAIF POWERTEC 45th BAN Ch 2019"]
[Site "Dhaka"]
[Date "2019.11.05"]
[Round "4.12"]
[White "Manon, Reja Neer"]
[Black "Hossain, Delwar"]
[Result "1-0"]
[ECO "B06"]
[WhiteElo "1829"]
[BlackElo "2080"]
[Annotator "NA"]
[PlyCount "67"]
[EventDate "2019.11.05"]
[EventCountry "BAN"]
[SourceTitle "playchess.com"]
[Source "ChessBase"]
[SourceQuality "1"]
[TimeControl "40/5400+30:1800+30"]

1. e4 d6 2. Nc3 Nf6 3. g3 g6 4. Bg2 Bg7 5. Nge2 O-O 6. O-O c6 7. d3 e5 8. h3 Nbd7 9. Kh2 Nh5 10. f4 exf4 11. Nxf4 Ndf6 12. Nce2 Qe7 13. Bd2 a5 14. Bc3 Nxf4 15. Nxf4 Bd7 16. Qf3 Ne8 17. Rae1 Bxc3 18. bxc3 Ng7 19. d4 Ne6 20. Nd3 f6 21. h4 Ng7 22. c4 c5 23. dxc5 dxc5 24. Nf4 Ne8 25. Nd5 Qe5 26. Nb6 Rd8 27. Rd1 Qc7 28. Nd5 Qe5 29. Qf4 Qe6 30. e5 f5 31. Qg5 Rb8 32. Nf4 Qxe5 33. Rxd7 Rf6 34. Bd5+ 1-0

[Event "SAIF POWERTEC 45th BAN Ch 2019"]
[Site "Dhaka"]
[Date "2019.11.05"]
[Round "4.13"]
[White "Zia, Tahsin Tajwar"]
[Black "Md Emdadul, Haque"]
[Result "1/2-1/2"]
[ECO "A48"]
[WhiteElo "2058"]
[BlackElo "2044"]
[Annotator "NA RC"]
[PlyCount "142"]
[EventDate "2019.11.02"]
[EventType "swiss"]
[EventRounds "10"]
[EventCountry "BAN"]
[SourceTitle "playchess.com"]
[Source "ChessBase"]
[SourceQuality "1"]
[TimeControl "40/5400+30:1800+30"]

1. d4 Nf6 2. Nf3 g6 3. Bf4 Bg7 4. e3 b6 5. h3 Bb7 6. Be2 d6 7. a4 a5 8. O-O Nbd7 9. Bh2 O-O 10. c4 e6 11. Nc3 Rc8 12. Rc1 Ne4 13. Nxe4 Bxe4 14. Nd2 Ba8 15. Bf3 e5 16. Bxa8 Rxa8 17. Nb3 Qe7 18. c5 Rfc8 19. Qf3 dxc5 20. dxc5 e4 21. Qe2 bxc5 22. Qc2 c4 23. Nd2 c3 24. bxc3 Nc5 25. Nb3 Nxa4 26. Nd4 Nc5 27. Ra1 a4 28. Rfb1 Nb3 29. Nxb3 axb3 30. Qxb3 Rxa1 31. Rxa1 c5 32. Qc4 Qb7 33. Bg3 Qb2 34. Ra7 Rf8 35. Bd6 Qc1+ 36. Kh2 Qd2 37. Qxc5 Rd8 38. Bg3 Qxc3 39. Qe7 Qf6 40. Qxe4 h5 41. h4 Bf8 42. Ra8 Bd6 43. Rxd8+ Qxd8 44. Bxd6 Qxd6+ 45. g3 Qd7 46. Qd4 Qe6 47. e4 Qg4 48. Kg2 Qc8 49. Qd5 Qg4 50. e5 Qf5 51. Qd8+ Kg7 52. Qd4 Qe6 53. Kg1 Kg8 54. Qd8+ Kg7 55. Qg5 Qb6 56. Qe3 Qe6 57. Qd4 Kg8 58. Qd8+ Kg7 59. Qd6 Qxd6 60. exd6 Kf6 61. Kg2 Ke6 62. Kf3 Kxd6 63. Kf4 f6 64. Ke4 Ke6 65. f3 g5 66. hxg5 fxg5 67. f4 Kf6 68. f5 Ke7 69. Ke5 Kf7 70. f6 h4 71. gxh4 gxh4 1/2-1/2

[Event "SAIF POWERTEC 45th BAN Ch 2019"]
[Site "Dhaka"]
[Date "2019.11.05"]
[Round "4.14"]
[White "Chowdhury, Sohel"]
[Black "Jamal Uddin"]
[Result "0-1"]
[ECO "B23"]
[WhiteElo "2068"]
[BlackElo "2069"]
[Annotator "NA RC"]
[PlyCount "52"]
[EventDate "2019.11.02"]
[EventType "swiss"]
[EventRounds "10"]
[EventCountry "BAN"]
[SourceTitle "playchess.com"]
[Source "ChessBase"]
[SourceQuality "1"]
[TimeControl "40/5400+30:1800+30"]

1. e4 c5 2. Nc3 a6 3. g3 b5 4. Bg2 Bb7 5. d3 e6 6. Nh3 Nc6 7. O-O Nf6 8. f4 d6 9. Be3 b4 10. Nb1 Be7 11. Nd2 Qc7 12. f5 exf5 13. Rxf5 Ne5 14. Rf1 O-O 15. Nf2 a5 16. b3 a4 17. Rc1 axb3 18. axb3 Ra2 19. Bf4 Ng6 20. Bg5 h6 21. Be3 Rd8 22. Ng4 Nxg4 23. Qxg4 Bc8 24. Qh5 Be6 25. Bh3 Qd7 26. Bf4 Nf8 0-1

[Event "SAIF POWERTEC 45th BAN Ch 2019"]
[Site "Dhaka"]
[Date "2019.11.05"]
[Round "4.15"]
[White "Hossain, Monir"]
[Black "Hamid, Rani"]
[Result "0-1"]
[ECO "A46"]
[WhiteElo "2050"]
[BlackElo "1916"]
[Annotator "NA RC"]
[PlyCount "40"]
[EventDate "2019.11.02"]
[EventType "swiss"]
[EventRounds "10"]
[EventCountry "BAN"]
[SourceTitle "playchess.com"]
[Source "ChessBase"]
[SourceQuality "1"]
[TimeControl "40/5400+30:1800+30"]

1. d4 Nf6 2. Nf3 e6 3. g3 c5 4. Bg2 Nc6 5. O-O Be7 6. dxc5 Bxc5 7. c4 O-O 8. Nc3 b6 9. a3 Bb7 10. b4 Be7 11. Bb2 Rc8 12. Rc1 Qc7 13. e4 d6 14. Qe2 Qb8 15. Rfd1 Rfd8 16. Nd5 exd5 17. exd5 Ne5 18. Nxe5 dxe5 19. Bxe5 Bd6 20. f4 Ne8 0-1